 Dungeon Crawl Stone Soup version 0.31-a0-361-g0f8bd3a31e (webtiles) character file.

Game seed: 9378991362419357648

365 AIAndy the Magician (level 7, -1/45 HPs)
             Began as a Djinni Fire Elementalist on July 27, 2023.
             Slain by an orc
             ... wielding a +0 short sword
              (3 damage)
             ... on level 4 of the Dungeon.
             The game lasted 00:07:42 (2702 turns).

AIAndy the Magician (Djinni Fire Elementalist)      Turns: 2702, Time: 00:07:45

Health: -1/45      AC:  3    Str:  7    XL:     7   Next: 0%
Gold:   154        EV: 12    Int: 19    God:
                   SH:  0    Dex: 13

rFire   + + .        k - +3 dagger (venom)
rCold   x . .        (no shield)
rNeg    . . .        a - +0 robe
rPois   ∞            j - +0 helmet
rElec   .            (no cloak)
rCorr   .            (no gloves)
SInv    .            (boots unavailable)
Will    .....        (no amulet)
Stlth   ++           (no ring)
HPRegen 0.27/turn    (no ring)
MPRegen 0.00/turn

%: infuse magic (-2 HP)
@: on blink cooldown, flying
A: sickness immunity, fire resistance 2, cold vulnerability 1, float, innate
caster, HP casting, extra vitality 1
a: no special abilities


You were on level 4 of the Dungeon.
You visited 1 branch of the dungeon, and saw 4 of its levels.

You collected 154 gold pieces.


Innate Abilities, Weirdness & Mutations

You are immune to sickness and miasma.
You are immune to poison.
Your flesh is very heat resistant. (rF++)
You are vulnerable to cold. (rC-)
You float through the air rather than walking.
You learn spells naturally, not from books.
Your magical power is your life essence.
You have superior vitality. (+4 MHP)


   Skills:
 + Level 0.0 Fighting
 - Level 2.1 Dodging
 - Level 1.5 Stealth
 + Level 5.7 Spellcasting
 + Level 5.7 Conjurations
 + Level 5.7 Hexes
 + Level 5.7 Summonings
 + Level 5.7 Necromancy
 + Level 5.7 Translocations
 + Level 5.7 Transmutations
 + Level 5.7 Fire Magic
 + Level 5.7 Ice Magic
 + Level 5.7 Air Magic
 + Level 5.7 Earth Magic
 + Level 5.7 Poison Magic


You knew the following spells:

 Your Spells              Type           Power      Damage    Failure   Level
a - Flame Wave            Conj/Fire      27%        2d9       11%         4
f - Inner Flame           Hex/Fire       27%        N/A       3%          3
o - Apportation           Tloc           54%        N/A       1%          1
u - Ozocubu's Armour      Ice            27%        N/A       3%          3
I - Blink                 Tloc           54%        N/A       1%          2
X - Foxfire               Conj/Fire      100%       2x1d9     1%          1
Y - Scorch                Fire           54%        2d7       1%          2
Z - Volatile Blastmotes   Fire/Tloc      54%        2d14      3%          3
Your spell library was empty.

Inventory:

Hand Weapons
 k - a +3 dagger of venom (weapon)
Armour
 a - a +0 robe (worn)
 j - a +0 helmet (worn)
Wands
 i - a wand of flame (32)
Scrolls
 b - 4 scrolls of identify {unknown}
 d - a scroll of vulnerability {unknown}
 e - a scroll of teleportation {unknown}
Potions
 c - 3 potions of lignification {unknown}
 f - a potion of curing {unknown}
 g - 2 potions of heal wounds {unknown}
 h - 2 potions of might {unknown}
 l - a potion of mutation {unknown}

Dungeon Overview and Level Annotations

Branches:
Dungeon (4/15)
 Temple: D:4-7

Altars:
Ashenzari

Annotations:
D:4 Edmund

#.#.############
#.#............# .......
#..............# .......
..#..†.........# .......
..#..########### .......
..#..# ####### .......
..#..#####.....##.......
###.............#.(o....
# ##.#####......@o......
# #.# #.....@oo...... #
#.# #####.§........
####.# #.......##.
...†.## ##+######
......# ......# ......#
#....##..


You could see Edmund and 4 orcs.


Message History

Casting: Foxfire (safe; 1% risk of failure)
Confirm with . or Enter, or press ? or * to list all spells.
Flames lash Edmund.
Edmund is moderately wounded.
Edmund's fire resistance burns away.
You hear a shout!
The foxfire hits Edmund!
Edmund is burned terribly!
Edmund is heavily wounded.
The foxfire hits Edmund but does no damage.
Edmund is heavily wounded.
Edmund barely misses you.
An orc comes into view. It is wielding a +0 dagger.
Casting: Scorch (safe; 1% risk of failure)
Confirm with . or Enter, or press ? or * to list all spells.
Flames lash the orc.
The orc is almost dead.
The orc's fire resistance burns away.
Edmund is no longer more vulnerable to fire.
Edmund hits you with a +2 flail of protection!
Edmund hits you with a +2 flail of protection!
* * * LOW HITPOINT WARNING * * *
Okay, then.
Casting: Scorch (safe; 1% risk of failure)
Confirm with . or Enter, or press ? or * to list all spells.
You blink.
* * * LOW HITPOINT WARNING * * *
Edmund hits you with a +2 flail of protection!
* * * LOW HITPOINT WARNING * * *
The orc hits you with a +0 short sword.
You die...

Skill      XL: |  1  2  3  4  5 |
---------------+----------------+-----
Spellcasting   | 4 5 |  5.7
Conjurations   | 4 5 |  5.7
Hexes          | 4 5 |  5.7
Summonings     | 4 5 |  5.7
Necromancy     | 4 5 |  5.7
Translocations | 4 5 |  5.7
Transmutations | 4 5 |  5.7
Fire Magic     | 4 5 |  5.7
Ice Magic      | 4 5 |  5.7
Air Magic      | 4 5 |  5.7
Earth Magic    | 4 5 |  5.7
Poison Magic   | 4 5 |  5.7
Dodging        | |  2.1
Stealth        | |  1.5

Action                     |  1- 3 |  4- 6 |  7- 9 || total
---------------------------+-------+-------+-------++-------
   Cast: Foxfire           |    55 |    96 |     2 ||   153
         Scorch            |     1 |    42 |     2 ||    45
         Blink             |       |       |     1 ||     1
 Armour: Robe              |     1 |     2 |       ||     3
  Dodge: Dodged            |     2 |    11 |     1 ||    14

Levels and vault maps discovered:
D:1:      elethiomel_arrival_shortcut, layout_rooms
D:2:      wad_river_or_something, layout_loops_ring, basic_altar,
          hellmonk_ecumenical_altar_lost_god, minmay_fractal_squares_5,
          uniq_natasha
D:3:      layout_basic, minmay_misc_feat_ornament, minmay_bisected,
          uniq_terence, uniq_ijyb, uniq_robin
D:4:      layout_basic, serial_bayou_pond_a, ebering_dispersal_statue_hall,
          uniq_duvessa, uniq_edmund

Notes
Turn   | Place    | Note
-------+----------+-------------------------------------------
     0 | D:1      | Reached skill level 3 in Spellcasting
     0 | D:1      | Reached skill level 3 in Conjurations
     0 | D:1      | Reached skill level 3 in Hexes
     0 | D:1      | Reached skill level 3 in Summonings
     0 | D:1      | Reached skill level 3 in Necromancy
     0 | D:1      | Reached skill level 3 in Translocations
     0 | D:1      | Reached skill level 3 in Transmutations
     0 | D:1      | Reached skill level 3 in Fire Magic
     0 | D:1      | Reached skill level 3 in Ice Magic
     0 | D:1      | Reached skill level 3 in Air Magic
     0 | D:1      | Reached skill level 3 in Earth Magic
     0 | D:1      | Reached skill level 3 in Poison Magic
     0 | D:1      | AIAndy the Djinni Fire Elementalist began the quest for the
                  | Orb.
     0 | D:1      | AIAndy set off with the following spells memorised:
                  | Foxfire, Scorch, Volatile Blastmotes, Inner Flame, Flame
                  | Wave.
     0 | D:1      | Reached XP level 1. HP: 15/15 MP: 0/0
    19 | D:1      | Reached XP level 2. HP: 14/21 MP: 0/0
    51 | D:1      | You are sucked into a shaft and drop 1 floor!
    53 | D:2      | Found a broken altar of Ashenzari.
   230 | D:1      | Reached XP level 3. HP: 23/25 MP: 0/0
   230 | D:1      | Learned a level 1 spell: Apportation
   529 | D:2      | Noticed Natasha
   534 | D:2      | Killed Natasha
   535 | D:2      | Reached skill level 4 in Spellcasting
   535 | D:2      | Reached skill level 4 in Conjurations
   535 | D:2      | Reached skill level 4 in Hexes
   535 | D:2      | Reached skill level 4 in Summonings
   535 | D:2      | Reached skill level 4 in Necromancy
   535 | D:2      | Reached skill level 4 in Translocations
   535 | D:2      | Reached skill level 4 in Transmutations
   535 | D:2      | Reached skill level 4 in Fire Magic
   535 | D:2      | Reached skill level 4 in Ice Magic
   535 | D:2      | Reached skill level 4 in Air Magic
   535 | D:2      | Reached skill level 4 in Earth Magic
   535 | D:2      | Reached skill level 4 in Poison Magic
   535 | D:2      | Reached XP level 4. HP: 25/31 MP: 0/0
   919 | D:2      | Noticed Natasha
   926 | D:2      | Killed Natasha
   927 | D:2      | Reached XP level 5. HP: 8/35 MP: 0/0
   927 | D:2      | Learned a level 2 spell: Blink
  1387 | D:2      | Found a faded altar of an unknown god.
  1397 | D:2      | Noticed Natasha
  1400 | D:2      | Killed Natasha
  1891 | D:3      | Identified the +1 robe of the Unicorn {Harm rElec MP+9
                  | Dex-2}
  2028 | D:3      | Reached skill level 5 in Spellcasting
  2028 | D:3      | Reached skill level 5 in Conjurations
  2028 | D:3      | Reached skill level 5 in Hexes
  2028 | D:3      | Reached skill level 5 in Summonings
  2028 | D:3      | Reached skill level 5 in Necromancy
  2028 | D:3      | Reached skill level 5 in Translocations
  2028 | D:3      | Reached skill level 5 in Transmutations
  2028 | D:3      | Reached skill level 5 in Fire Magic
  2028 | D:3      | Reached skill level 5 in Ice Magic
  2028 | D:3      | Reached skill level 5 in Air Magic
  2028 | D:3      | Reached skill level 5 in Earth Magic
  2028 | D:3      | Reached skill level 5 in Poison Magic
  2216 | D:3      | Reached XP level 6. HP: 39/40 MP: 0/0
  2219 | D:3      | Noticed Ijyb
  2225 | D:3      | Noticed Terence
  2226 | D:3      | Killed Ijyb
  2230 | D:3      | Killed Terence
  2372 | D:3      | Noticed Robin
  2378 | D:3      | Killed Robin
  2695 | D:4      | Reached XP level 7. HP: 40/45 MP: 0/0
  2695 | D:4      | Learned a level 3 spell: Ozocubu's Armour
  2695 | D:4      | Noticed Edmund
  2702 | D:4      | HP: 2/45 [Edmund/+2 flail of protection (14)]
  2702 | D:4      | Slain by an orc

Vanquished Creatures
  A phantom (D:4)
  Ijyb (D:3)
  Terence (D:3)
  Natasha (thrice) (D:2)
  Robin (D:3)
  4 adders
  5 worms (D:2)
  A dart slug (D:1)
  5 orcs (D:3)
  12 ball pythons
  5 endoplasms
  2 giant cockroaches
  17 goblins
  10 hobgoblins
  4 jackals (D:2)
  3 quokkas
  6 bats
  A frilled lizard (D:1)
  7 kobolds
  8 rats
97 creatures vanquished.

Vanquished Creatures (others)
  231 foxfires
231 creatures vanquished.

Grand Total: 328 creatures vanquished

Table legend: (Time is in decaauts)
 A = Elapsed time spent in this place.
 B = Non-inter-level travel time spent in this place.
 C = Inter-level travel time spent in this place.
 D = Time resting spent in this place.
 E = Time spent auto-exploring this place.
 F = Levels seen in this place.
 G = Mean time per level.
                   A        B        C        D        E       F      G
               +--------+--------+--------+--------+--------+-----+--------+
         Total |   2705 |   2597 |    108 |      0 |   2164 |   4 |  676.2 |
       Dungeon |   2705 |   2597 |    108 |      0 |   2164 |   4 |  676.2 |
               +--------+--------+--------+--------+--------+-----+--------+

Top non-repeatable levels by time:
     D:2: 1358 daAuts
     D:3: 825 daAuts
     D:1: 427 daAuts
     D:4: 93 daAuts

Table legend:
 A = Non-vault XP
 B = Vault XP
 C = Vault XP percentage of total XP
 D = Non-vault monster count
 E = Vault monster count
 F = Vault count percentage of total count
                 A         B        C        D         E       F
            +---------+---------+-------+---------+---------+-------
      Total |     322 |     200 |  38.3 |      65 |      32 |  33.0
            +---------+---------+-------+---------+---------+-------
        D:1 |      36 |       0 |   0.0 |      21 |       0 |   0.0
        D:2 |     132 |      86 |  39.4 |      23 |      16 |  41.0
        D:3 |      29 |     114 |  79.7 |      17 |      16 |  48.5
        D:4 |     125 |       0 |   0.0 |       4 |       0 |   0.0
            +---------+---------+-------+---------+---------+-------
